 Dungeon Crawl Stone Soup version 0.30.0-20-g3b4254fcbd (webtiles) character file.

Game seed: 7521661299158793740

35 jagang the Digger (level 3, 0/21 HPs)
             Began as an Octopode Earth Elementalist on June 2, 2023.
             Slain by a goblin
             ... wielding a +0 club
             ... led by Robin
              (5 damage)
             ... on level 2 of the Dungeon.
             The game lasted 00:02:14 (1130 turns).

jagang the Digger (Octopode Earth Elementalist)     Turns: 1130, Time: 00:02:15

Health: 0/21       AC:  1    Str:  7    XL:     3   Next: 33%
Magic:  5/6        EV: 13    Int: 19    God:
Gold:   29         SH:  0    Dex: 12    Spells: 5/6 levels left

rFire   . . .        (no weapon)
rCold   . . .        (no shield)
rNeg    . . .        d - +0 hat
rPois   .            (no amulet)
rElec   .            (no ring)
rCorr   .            (no ring)
SInv    .            (no ring)
Will    .....        (no ring)
Stlth   +++          (no ring)
HPRegen 0.23/turn    (no ring)
MPRegen 0.10/turn    (no ring)
                     (no ring)

%: no passive effects
@: no status effects
A: almost no armour, amphibious, 8 rings, camouflage 1, gelatinous body 1,
(nimble swimmer 1), tentacles
a: no special abilities


You were on level 2 of the Dungeon.
You visited 1 branch of the dungeon, and saw 2 of its levels.

You collected 29 gold pieces.

Inventory:

Armour
 d - a +0 hat (worn)
Scrolls
 b - a scroll of fear {unknown}
 c - 2 scrolls of poison {unknown}
 e - a scroll of teleportation {unknown}
 g - a scroll of magic mapping {unknown}
Potions
 a - a potion of magic
 f - a potion of degeneration {unknown}


   Skills:
 + Level 2.3 Dodging
 - Level 2.6 Stealth
 + Level 2.2 Spellcasting
 * Level 1.9 Transmutations
 * Level 3.4 Earth Magic


You had 5 spell levels left.
You knew the following spells:

 Your Spells              Type           Power      Damage    Failure   Level
a - Sandblast             Erth           30%        2d9       4%          1

Your spell library contained the following spells:

 Spells                   Type           Power      Damage    Failure   Level
 Passwall                 Tmut/Erth      10%        N/A       9%          2
 Stone Arrow              Conj/Erth      16%        3d8       24%         3
 Petrify                  Tmut/Erth      12%        N/A       47%         4


Dungeon Overview and Level Annotations

Branches:
Dungeon (2/15)

Altars:

Shops:
D:1 (

Annotations:
D:2 Robin


Innate Abilities, Weirdness & Mutations

You cannot wear most types of armour.
You are amphibious.
You can wear up to eight rings at the same time.
Your skin changes colour to match your surroundings (Stealth+).
Your rubbery body absorbs attacks. (AC +1, EV +1)
((You are camouflaged when in or above water. (Stealth+)))
You have tentacles for arms and can constrict up to eight enemies at once.


Message History

a +0 short sword; a kobold corpse You see here a ball python corpse.
A rat comes into view.
The blast of sand hits the rat!
You kill the rat!
The blast of sand hits the bat!
You kill the bat!
You see here a bat corpse.
A goblin comes into view.
It is wielding a +0 dagger. 2 goblins and a hobgoblin come into view.
Robin, 4 goblins and a hobgoblin come into view.
Found a bubbling puce potion.
The goblin shouts! x2; You hear a shout! x2
A goblin comes into view. It is wielding a +0 dagger.
The hobgoblin moves out of view.
The blast of sand hits the goblin!
You kill the goblin!
Robin shouts!
The goblin shouts! x2; You hear a shout! x2
Robin's horned helmet rattles.
Robin throws the goblin at you! The goblin hits you with a +0 club.
A goblin comes into view. It is wielding a +0 club.
A hobgoblin comes into view.
You closely miss the goblin. You grab the goblin. You constrict the goblin.
Robin throws the goblin at you! The goblin hits you with a +0 club. x2
You tentacle-slap the goblin.
The goblin is severely wounded.
You constrict the goblin.
You kill the goblin!
The goblin barely misses you.
You see here a +0 club.
You tentacle-slap the goblin but do no damage.
Your grab misses the goblin. Robin throws the goblin at you!
The goblin misses you. The goblin hits you with a +0 club.
Unknown command.
The goblin hits you with a +0 club.
* * * LOW HITPOINT WARNING * * *
You tentacle-slap the goblin but do no damage.
You grab the goblin. You constrict the goblin.
The goblin hits you with a +0 club.
You die...

#......#######
#......##....#
#......##.##.##### .
#......##.<#.....### ..
#......#########.... ...
#.......# ##..## ..!.
#.......#######...# ....)
#....†...........###
....gg###@##..#######.#...
...ggggggg##..#...........
.....g######..#.###...#.##
##### #....#.......#
#.####.####.#.####..
#.............# ##
#######.###.### #....# #.#
#.##.# #.#####


You could see Robin, 2 hobgoblins and 5 goblins.

Vanquished Creatures
  3 bats
  7 endoplasms (D:1)
  2 goblins (D:2)
  3 hobgoblins (D:1)
  5 kobolds
  2 quokkas (D:1)
  4 ball pythons
  4 rats
30 creatures vanquished.

Notes
Turn   | Place    | Note
-------+----------+-------------------------------------------
     0 | D:1      | jagang the Octopode Earth Elementalist began the quest for
                  | the Orb.
     0 | D:1      | Reached XP level 1. HP: 11/11 MP: 3/3
   197 | D:1      | Reached XP level 2. HP: 17/17 MP: 3/5
   702 | D:1      | Reached XP level 3. HP: 21/21 MP: 4/6
   795 | D:1      | Found Rostranaj's Weapon Shoppe.
  1123 | D:2      | Noticed Robin
  1130 | D:2      | Slain by a goblin

Illustrated notes

Levels and vault maps discovered:
D:1:      lightli_arrival_noodles, layout_loops_cross, serial_glass,
          glass_columns_b, glass_columns_a, glass_columns_c, glass_columns_a,
          glass_columns_a, glass_columns_c, serial_shops,
          nicolae_shop_real_fake_doors, minmay_door_square, st_stairs_6,
          chequers_serial_rivers_large_b
D:2:      layout_basic, uniq_robin, uniq_sigmund

Action                     || total
---------------------------++-------
  Melee: Unarmed           ||    17
         Constrict         ||     5
         Tentacles         ||     2
         Punch             ||     1
   Cast: Sandblast         ||    32
   Stab: Sleeping          ||     2
 Armour: Skin              ||     2
  Dodge: Dodged            ||    10
